 Dungeon Crawl Stone Soup version 0.27.1-34-g3ba077fa99 (webtiles) character file.

Game seed: 5819072887248034674

74 Sharkman1231 the Skirmisher (level 4, -3/29 HPs)
             Began as a Gargoyle Monk on Jan 25, 2022.
             Killed from afar by Sigmund (12 damage)
             ... with a puff of flame
             ... on level 2 of the Dungeon.
             The game lasted 00:02:06 (1979 turns).

Sharkman1231 the Skirmisher (Gargoyle Monk)         Turns: 1979, Time: 00:02:07

Health: -3/29      AC:  6    Str: 14    XL:     4   Next: 30%
Magic:  4/4        EV: 12    Int: 11    God:
Gold:   96         SH:  0    Dex: 13    Spells: 3/3 levels left

rFire    . . .     SeeInvis .   a - +1 flail (drain)
rCold    . . .     Faith    .   (no shield)
rNeg     + . .     Spirit   .   b - +0 robe
rPois    ∞         Reflect  .   (no helmet)
rElec    +         Harm     .   (no cloak)
rCorr    .         Rampage  .   h - +0 pair of gloves
Will     .....                  (no boots)
Stlth    +.........             (no amulet)
HPRegen  0.09/turn              (no ring)
MPRegen  0.09/turn              (no ring)

@: confused
A: sickness immunity, AC +3, negative energy resistance 1, electricity
resistance, torment resistance 1, petrification resistance
a: no special abilities


You were on level 2 of the Dungeon.
You visited 1 branch of the dungeon, and saw 2 of its levels.

You collected 96 gold pieces.

Inventory:

Hand Weapons
 a - a +1 flail of draining (weapon)
 i - a +0 mace
Armour
 b - a +0 robe (worn)
 h - a +0 pair of gloves (worn)
Scrolls
 c - a scroll of enchant weapon {unknown}
 f - a scroll of amnesia {unknown}
 k - 2 scrolls of blinking {unknown}
 l - a scroll of identify {unknown}
 m - a scroll of magic mapping {unknown}
Potions
 d - a potion of brilliance {unknown}
 e - a potion of ambrosia {unknown}
 g - a potion of lignification {unknown}
 j - a potion of cancellation {unknown}


   Skills:
 + Level 4.1 Fighting
 + Level 3.8 Maces & Flails
 + Level 3.0 Dodging
 - Level 2.1 Stealth


You had 3 spell levels left.
You didn't know any spells.
Your spell library contained the following spells:

 Spells                   Type           Power      Damage    Failure   Level
 Wereblood                Tmut           0%         N/A       47%         2
 Summon Hydra             Summ           0%         N/A       100%        7
 Sublimation of Blood     Necr           Unusable   N/A       N/A         2

Dungeon Overview and Level Annotations

Branches:
Dungeon (2/15)

Altars:

Shops:
D:1 (

Annotations:
D:2 Sigmund


Innate Abilities, Weirdness & Mutations

You are immune to sickness and miasma.
Your stone body is resilient. (AC +3)
You are immune to poison.
You resist negative energy. (rN+)
You are resistant to electric shocks. (rElec)
You are resistant to unholy torment.
You are immune to petrification.


Message History

The giant cockroach closely misses you.
You sock the giant cockroach!
You kill the giant cockroach!
No target in view!
No target in view!
No target in view!
Found a rapier.
There is a stone staircase leading up here.
You see here an adder corpse.
You see here a giant cockroach corpse.
Key pressed, stopping explore.
Partly explored, can't reach some places.
No target in view!
You swing at nothing.
Really walk into a travel-excluded area? [Y]es or [N]o only, please.
Really walk into a travel-excluded area?
Sigmund shouts!
Sigmund casts a spell.
Sigmund flickers and vanishes!
Deactivating autopickup; reactivate with Ctrl-A.
Something hits you!
You closely miss something. Something hits you.
Unknown command.
You miss something.
You hear some strange, mumbled words.
A magic dart appears from out of thin air!
The magic dart hits you!
You closely miss something. Something hits you but does no damage.
Something hits you but does no damage.
A magic dart appears from out of thin air!
The magic dart hits you.
You see here 19 stones.
You are confused.
You bump into the rock wall.
Something tries to affect you, but you resist.
You bump into the rock wall.
A puff of flame appears from out of thin air!
The puff of flame hits you!
You die...

###...###.#
.#..#..#..#
...###...## ######.###
#####
##..###########...# #
#.......{..({.....# #
#.......#####.....#
####.####..# #....##
...#.##.{..# #@..##
.#......#..# ##.##
...#.####..# #.#
#.##.......# ####.####
#.############..<....#
#.# #.....##.##.##.#
#.#####.....##.##.##.#
#...........##.#...#.#
#######.....##.##.##.#


There were no monsters in sight!

Vanquished Creatures
  4 adders (D:2)
  A worm (D:2)
  A dart slug (D:1)
  6 bats
  2 endoplasms (D:1)
  3 giant cockroaches
  5 goblins
  A hobgoblin (D:1)
  7 ball pythons
  3 frilled lizards
  A kobold (D:1)
  4 rats
38 creatures vanquished.

Notes
Turn   | Place    | Note
-------+----------+-------------------------------------------
     0 | D:1      | Sharkman1231 the Gargoyle Monk began the quest for the Orb.
     0 | D:1      | Reached XP level 1. HP: 14/14 MP: 1/1
   228 | D:1      | Found Eseuchiff's Weapon Shoppe.
   262 | D:1      | Reached XP level 2. HP: 18/19 MP: 2/2
   989 | D:2      | Reached XP level 3. HP: 24/24 MP: 3/3
   989 | D:2      | Noticed Sigmund
  1466 | D:2      | Reached skill level 4 in Fighting
  1494 | D:2      | Reached XP level 4. HP: 22/29 MP: 4/4
  1979 | D:2      | Killed from afar by Sigmund

Illustrated notes

Levels and vault maps discovered:
D:1:      minmay_arrival_four_circles, layout_basic, serial_shops, shop
D:2:      layout_loops_cross, minmay_strange_pillars, uniq_sigmund

Skill      XL: |  1  2  3 |
---------------+----------+-----
Fighting       | 4 |  4.1
Dodging        | 3 |  3.0
Maces & Flails | |  3.8
Stealth        | |  2.1

Action                   |  1- 3 |  4- 6 || total
-------------------------+-------+-------++-------
Melee: Mace              |    96 |       ||    96
       Flail             |     7 |    15 ||    22
 Stab: Sleeping          |     5 |       ||     5
Armor: Robe              |    38 |     9 ||    47
Dodge: Dodged            |    80 |    12 ||    92
